 Dungeon Crawl Stone Soup version 0.28.0 (webtiles) character file.

Game seed: 9900390285360154728

324 SnakkuSnakku7 the Magician (level 6, -1/43 HPs)
             Began as a Djinni Gladiator on Feb 10, 2022.
             Slain by a water moccasin skeleton (5 damage)
             ... on level 4 of the Dungeon.
             The game lasted 00:04:29 (3287 turns).

SnakkuSnakku7 the Magician (Djinni Gladiator)       Turns: 3287, Time: 00:04:29

Health: -1/43      AC:  4    Str: 13    XL:     6   Next: 78%
Gold:   128        EV: 12    Int: 11    God:
                   SH:  0    Dex: 15

rFire   + + .      SeeInvis +   a - +0 quarterstaff
rCold   x . .      Faith    .   (shield currently unavailable)
rNeg    . . .      Spirit   .   b - +0 leather armour
rPois   ∞          Reflect  .   c - +0 helmet
rElec   .          Harm     .   (no cloak)
rCorr   .          Rampage  .   (no gloves)
Will    .....                   (boots unavailable)
Stlth   +.........              (no amulet)
HPRegen 0.14/turn               s - ring of see invisible
MPRegen 0.00/turn               (no ring)

@: flying
A: sickness immunity, fire resistance 2, cold vulnerability 1, float, innate
caster, HP casting, extra vitality 1
a: no special abilities


You were on level 4 of the Dungeon.
You visited 1 branch of the dungeon, and saw 4 of its levels.

You collected 128 gold pieces.

Inventory:

Hand Weapons
 a - a +0 quarterstaff (weapon)
Missiles
 d - 2 throwing nets (quivered)
Armour
 b - a +0 leather armour (worn)
 c - a +0 helmet (worn)
Jewellery
 s - a ring of see invisible (left hand)
Wands
 m - a wand of iceblast (6)
Scrolls
 f - 2 scrolls of acquirement {unknown}
 i - 2 scrolls of enchant armour {unknown}
 j - 2 scrolls of enchant weapon {unknown}
 l - 3 scrolls of teleportation {unknown}
 n - 3 scrolls of fear {unknown}
 o - a scroll of torment {unknown}
 q - a scroll of noise {unknown}
Potions
 e - 2 potions of flight {unknown}
 g - a potion of berserk rage
 h - a potion of might {unknown}
 k - a potion of brilliance {unknown}
 p - a potion of mutation
 r - a potion of heal wounds
 t - a potion of haste {unknown}


   Skills:
 - Level 2.0 Fighting
 - Level 2.6 Staves
 - Level 1.5 Throwing
 - Level 3.2 Dodging
 + Level 4.7 Spellcasting


You had 11 spell levels left.
You knew the following spells:

 Your Spells              Type           Power      Damage    Failure   Level
a - Beastly Appendage     Tmut           26%        N/A       4%          1
b - Corpse Rot            Necr/Air       26%        N/A       6%          2
Your spell library was empty.

Dungeon Overview and Level Annotations

Branches:
Dungeon (4/15)
 Temple: D:4-7

Altars:


Innate Abilities, Weirdness & Mutations

You are immune to sickness and miasma.
You are immune to poison.
Your flesh is very heat resistant. (rF++)
You are vulnerable to cold. (rC-)
You float through the air rather than walking.
You learn spells naturally, not from books.
Your magical power is your life essence.
You have superior vitality. (+4 MHP)


Message History

The necrophage misses you.
You closely miss the necrophage.
The necrophage is severely damaged.
The necrophage hits you.
You thump the necrophage!
The necrophage is almost destroyed.
The necrophage hits you.
* * * LOW HITPOINT WARNING * * *
You closely miss the necrophage.
The necrophage is almost destroyed.
The necrophage hits you but does no damage.
You hit the necrophage.
You destroy the necrophage!
You sock the water moccasin skeleton!
The water moccasin skeleton is moderately damaged.
The water moccasin skeleton bites you.
* * * LOW HITPOINT WARNING * * *
The water moccasin skeleton barely misses you.
You barely miss the water moccasin skeleton.
The water moccasin skeleton is moderately damaged.
The water moccasin skeleton bites you.
* * * LOW HITPOINT WARNING * * *
You barely miss the water moccasin skeleton.
The water moccasin skeleton is moderately damaged.
The water moccasin skeleton barely misses you.
The water moccasin skeleton bites you.
* * * LOW HITPOINT WARNING * * *
You hit the water moccasin skeleton.
The water moccasin skeleton is heavily damaged.
The water moccasin skeleton bites you.
* * * LOW HITPOINT WARNING * * *
You hit the water moccasin skeleton.
The water moccasin skeleton is heavily damaged.
The water moccasin skeleton bites you.
* * * LOW HITPOINT WARNING * * *
The water moccasin skeleton barely misses you.
You closely miss the water moccasin skeleton.
The water moccasin skeleton is heavily damaged.
The water moccasin skeleton bites you.
You die...

#..<....#
###.##### #.# #
# #.### +# #.
#)..# ... ##.#
###.# .... #...
##..# ..... #..
##...####......
#.#..
#......@Z......
.....
##...####......
##.(. ##..#
..... ##..
#...# .... ..#
#.### ... ## #
#. '# # #. # #
#.


You could see a water moccasin skeleton.

Vanquished Creatures
  An ice beast (D:3)
  A necrophage (D:4)
  5 gnolls
  3 adders
  3 dart slugs
  2 orcs
  6 ball pythons
  4 bats
  9 endoplasms
  2 giant cockroaches
  4 goblins (D:1)
  3 hobgoblins
  4 jackals (D:2)
  5 quokkas
  2 frilled lizards (D:1)
  4 kobolds
  5 rats
63 creatures vanquished.

Notes
Turn   | Place    | Note
-------+----------+-------------------------------------------
     0 | D:1      | SnakkuSnakku7 the Djinni Gladiator began the quest for the
                  | Orb.
     0 | D:1      | Reached XP level 1. HP: 18/18 MP: 0/0
    79 | D:1      | Reached skill level 1 in Spellcasting
    79 | D:1      | Reached XP level 2. HP: 7/23 MP: 0/0
   426 | D:1      | Reached XP level 3. HP: 28/28 MP: 0/0
   426 | D:1      | Learned a level 1 spell: Beastly Appendage
   532 | D:1      | Reached skill level 2 in Spellcasting
   666 | D:1      | Found a faded altar of an unknown god.
   666 | D:1      | You are sucked into a shaft and drop 1 floor!
   992 | D:2      | Reached XP level 4. HP: 32/33 MP: 0/0
  1423 | D:2      | Reached skill level 3 in Spellcasting
  1594 | D:2      | Reached XP level 5. HP: 37/38 MP: 0/0
  1594 | D:2      | Learned a level 2 spell: Corpse Rot
  2149 | D:3      | Noticed an ice beast
  2162 | D:3      | Killed an ice beast
  2163 | D:3      | Reached skill level 4 in Spellcasting
  2163 | D:3      | Reached XP level 6. HP: 43/43 MP: 0/0
  2872 | D:4      | Noticed a sky beast
  2890 | D:4      | Noticed a necrophage
  3255 | D:4      | Noticed a necrophage
  3281 | D:4      | Killed a necrophage
  3287 | D:4      | Slain by a water moccasin skeleton

Illustrated notes

Levels and vault maps discovered:
D:1:      minmay_arrival_diagonal_passages, layout_loops_ring,
          chequers_ecumenical_altar_island, chequers_serial_rivers_marsh
D:2:      layout_basic
D:3:      layout_basic
D:4:      layout_loops_corners

Skill      XL: |  1  2  3  4  5 |
---------------+----------------+-----
Spellcasting   | 1 2 3 4 |  4.7
Fighting       | |  2.0
Staves         | |  2.6
Throwing       | |  1.5
Dodging        | |  3.2

Action                   |  1- 3 |  4- 6 || total
-------------------------+-------+-------++-------
Melee: Quarterstaff      |    69 |   161 ||   230
Throw: Throwing net      |     1 |     2 ||     3
Evoke: Wand              |       |     2 ||     2
  Use: Scroll            |       |     3 ||     3
 Stab: Sleeping          |     2 |     1 ||     3
Armor: Leather armour    |    20 |    45 ||    65
Dodge: Dodged            |    37 |   100 ||   137
